 Dungeon Crawl Stone Soup version 0.28-a0-1033-g1a2f33fa85 (console) character file.

Game seed: 17598069166784946658

342 jejorda2 the Spear-Bearer (level 6, -1/50 HPs)
             Began as a Merfolk Berserker on Dec 7, 2021.
             Was a Believer of Trog.
             Slain by a scorpion (5 damage)
             ... on level 4 of the Dungeon.
             The game lasted 00:06:10 (3007 turns).

jejorda2 the Spear-Bearer (Merfolk Berserker)       Turns: 3007, Time: 00:06:11

Health: -1/50      AC: 10    Str: 20    XL:     6   Next: 57%
Magic:  6/6        EV: 10    Int:  6    God:    Trog [**....]
Gold:   164        SH:  0    Dex: 13    Spells: 5/5 levels left

rFire   . . .      SeeInvis .   a - +0 spear
rCold   . . .      Faith    .   (no shield)
rNeg    . . .      Spirit   .   g - +0 scale mail
rPois   .          Reflect  .   (no helmet)
rElec   .          Harm     .   (no cloak)
rCorr   .          Rampage  .   (no gloves)
Will    ++...                   (no boots)
Stlth   ..........              d - amulet of the acrobat
HPRegen 1.16/turn               i - +4 ring of protection
MPRegen 0.10/turn               (no ring)

@: mighty, lethally poisoned (-1 -> -1), strong-willed, regenerating, hasted,
very quick
A: (nimble swimmer 2), mertail
a: Renounce Religion, Berserk, Trog's Hand


You were on level 4 of the Dungeon.
You worshipped Trog.
Trog was pleased with you.
You visited 1 branch of the dungeon, and saw 5 of its levels.
You also visited: Sewer.

You collected 164 gold pieces.

Inventory:

Hand Weapons
 a - a +0 spear (weapon)
Missiles
 j - 22 stones (quivered)
Armour
 g - a +0 scale mail (worn)
Jewellery
 d - an amulet of the acrobat (around neck)
 i - a +4 ring of protection (left hand)
Scrolls
 b - a scroll of immolation {unknown}
 c - a scroll of teleportation
 h - a scroll of noise {unknown}
 k - 3 scrolls of identify {unknown}
 l - a scroll of silence {unknown}


   Skills:
 + Level 4.8 Fighting
 * Level 8.0 Polearms
 + Level 2.7 Armour
 - Level 2.6 Dodging


You had 5 spell levels left.
You didn't know any spells.
Your spell library was empty.

Dungeon Overview and Level Annotations

Branches:
Dungeon (5/15)              Sewer (visited)
 Temple: D:4-7

Altars:
Zin


Innate Abilities, Weirdness & Mutations

((You are quick and stealthy near water. (Stealth+, EV+, Speed+++)))
Your lower body shifts to a powerful aquatic tail in water.


Message History

You are too injured to fight recklessly!
You hit the scorpion but do no damage.
The scorpion is lightly wounded.
You feel sick. The scorpion stings you.
You hit the scorpion.
The scorpion is lightly wounded.
The scorpion closely misses you.
You barely miss the scorpion.
The scorpion is lightly wounded.
You feel sick. The scorpion stings you.
* * * LOW HITPOINT WARNING * * *
You are lethally poisoned!
The scorpion poisons you!
You hit the scorpion but do no damage.
The scorpion is lightly wounded.
* * * LOW HITPOINT WARNING * * *
You feel sick. The scorpion misses you.
You hit the scorpion but do no damage.
The scorpion is lightly wounded.
* * * LOW HITPOINT WARNING * * *
You feel sick. The scorpion barely misses you.
It was a potion of might.
You feel very mighty all of a sudden.
* * * LOW HITPOINT WARNING * * *
You feel very sick.
The scorpion stings you but does no damage.
It was a potion of haste.
You feel yourself speed up.
* * * LOW HITPOINT WARNING * * *
You feel sick. The scorpion barely misses you.
You hit the scorpion.
The scorpion is lightly wounded.
* * * LOW HITPOINT WARNING * * *
You feel sick. The scorpion barely misses you.
Your skin crawls.
You feel strong-willed.
You feel sick.
You puncture the scorpion!
The scorpion is almost dead.
The scorpion stings you.
You die...

##.# .... .. #.. . #.. .
#.# .# ######.###.####
##########...##.........
........)........>#.#
#.########...###@...#
..############ #s....<..
......... .........
#.###### #..#...... #.#
#..######. #.# #..# #.#
#..# #.####.# #..#
.......#


You could see a scorpion.

Vanquished Creatures
  A water moccasin (Sewer)
  A scorpion (D:4)
  2 orc priests (D:3)
  3 adders (D:2)
  2 worms (D:2)
  A dart slug (D:1)
  7 orcs (D:3)
  10 bats
  5 endoplasms
  4 giant cockroaches
  5 goblins
  6 hobgoblins
  6 jackals
  2 kobolds
  5 quokkas
  6 ball pythons
  7 frilled lizards
  7 rats
80 creatures vanquished.

Notes
Turn   | Place    | Note
-------+----------+-------------------------------------------
     0 | D:1      | jejorda2 the Merfolk Berserker began the quest for the Orb.
     0 | D:1      | Reached XP level 1. HP: 18/18 MP: 1/1
   267 | D:1      | Reached XP level 2. HP: 24/24 MP: 2/2
   480 | D:1      | Reached skill level 5 in Polearms
   974 | D:1      | Reached XP level 3. HP: 29/29 MP: 3/3
  1183 | D:2      | Found a glowing silver altar of Zin.
  1432 | D:2      | Reached XP level 4. HP: 37/37 MP: 4/4
  1524 | D:2      | Reached skill level 6 in Polearms
  1605 | D:2      | Found a faded altar of an unknown god.
  1805 | D:2      | Reached ** piety under Trog
  2195 | D:3      | Reached XP level 5. HP: 36/42 MP: 5/5
  2314 | D:3      | Found a glowing drain.
  2318 | Sewer    | Entered a sewer
  2356 | Sewer    | Noticed a water moccasin
  2364 | Sewer    | Killed a water moccasin
  2365 | Sewer    | Reached skill level 7 in Polearms
  2365 | Sewer    | Reached XP level 6. HP: 49/49 MP: 6/6
  2691 | D:3      | You fall into a shaft and drop 2 floors!
  2691 | D:5      | Entered Level 5 of the Dungeon
  2949 | D:4      | Reached skill level 8 in Polearms
  3007 | D:4      | Slain by a scorpion

Illustrated notes

Levels and vault maps discovered:
D:1:      co_arrival_two_rings, layout_basic, serial_curves, eino_curves_04,
          eino_curves_01
D:2:      layout_loops_cross, basic_ecumenical_altar, basic_altar,
          hangedman_decor_push
D:3:      layout_basic, gup_sewer_entry_spiral
D:4:      layout_basic, lemuel_tele_altar, roderic_lattice_a
D:5:      layout_loops_ring, nicolae_ru_great_annihilating_truth,
          minmay_temple_entry_statues_pillars, minmay_chambers_of_fives,
          uniq_blork_the_orc

Skill      XL: |  1  2  3  4  5  6 |
---------------+-------------------+-----
Polearms       | 5 6 7 8 |  8.0
Armour         | 2 |  2.7
Fighting       | 4 |  4.8
Dodging        | |  2.6

Action                   |  1- 3 |  4- 6 || total
-------------------------+-------+-------++-------
Melee: Spear             |   119 |   190 ||   309
       Tailslap          |       |     2 ||     2
Invok: Berserk           |     1 |     4 ||     5
       Trog's Hand       |       |     3 ||     3
  Use: Scroll            |       |     3 ||     3
       Potion            |       |     2 ||     2
 Stab: Sleeping          |     3 |       ||     3
Armor: Animal skin       |     5 |       ||     5
       Scale mail        |    12 |    69 ||    81
Dodge: Dodged            |    43 |    63 ||   106

Table legend: (Time is in decaauts)
 A = Elapsed time spent in this place.
 B = Non-inter-level travel time spent in this place.
 C = Inter-level travel time spent in this place.
 D = Time resting spent in this place.
 E = Time spent auto-exploring this place.
 F = Levels seen in this place.
 G = Mean time per level.
                   A        B        C        D        E       F      G
               +--------+--------+--------+--------+--------+-----+--------+
         Total |   2955 |   2814 |    141 |    118 |   2166 |   6 |  492.5 |
       Dungeon |   2774 |   2633 |    141 |     70 |   2083 |   5 |  554.8 |
         Sewer |    180 |    180 |      0 |     47 |     82 |   1 |  180.0 |
               +--------+--------+--------+--------+--------+-----+--------+

Top non-repeatable levels by time:
     D:2: 1104 daAuts
     D:1: 1023 daAuts
     D:3: 331 daAuts
     D:4: 300 daAuts
   Sewer: 180 daAuts
     D:5: 14 daAuts
